 Dungeon Crawl Stone Soup version 0.29.0-11-gd7f09526c8 (webtiles) character file.

Game seed: 2833956507610607239

2297 SensoryNuts the Basher (level 9, -4/66 (68) HPs)
             Began as a Formicid Fighter on Sept 2, 2022.
             Slain by a yak (12 damage)
             ... on level 7 of the Dungeon.
             The game lasted 00:08:33 (7213 turns).

SensoryNuts the Basher (Formicid Fighter)           Turns: 7213, Time: 00:08:34

HP:   -4/66 (68)    AC: 15    Str: 26    XL:     9   Next: 67%
MP:   9/9           EV:  7    Int:  7    God:
Gold: 147           SH:  0    Dex: 13    Spells: 8/8 levels left

rFire   . . .      SeeInvis +   o - +0 giant spiked club
rCold   . . .      Faith    .   (shield currently unavailable)
rNeg    . . .      Spirit   .   f - +1 plate armour
rPois   +          Reflect  .   (helmet unavailable)
rElec   .          Harm     .   (no cloak)
rCorr   .          Rampage  .   (no gloves)
Will    .....                   h - +0 pair of boots
Stlth   ..........              (no amulet)
HPRegen 0.21/turn               q - ring of poison resistance
MPRegen 0.11/turn               (no ring)

@: lightly drained
A: permanent stasis, dig shafts and tunnels, antennae 3, four strong arms
a: Dig, Shaft Self


You were on level 7 of the Dungeon.
You visited 2 branches of the dungeon, and saw 8 of its levels.

You collected 187 gold pieces.
You spent 40 gold pieces at shops.

Inventory:

Hand Weapons
 a - a +1 flail
 o - a +0 giant spiked club (weapon)
 u - a +0 broad axe
Armour
 f - a +1 plate armour (worn)
 h - a +0 pair of boots (worn)
Jewellery
 m - an amulet of guardian spirit
 q - a ring of poison resistance (left hand)
Wands
 s - a wand of polymorph (9)
 v - a wand of digging (3)
Scrolls
 c - a scroll of amnesia
 d - a scroll of identify
 j - a scroll of blinking
Potions
 b - a potion of flight
 e - 2 potions of haste
 l - 2 potions of attraction
 p - 3 potions of brilliance
 r - a potion of degeneration


   Skills:
 + Level 5.2 Fighting
 - Level 4.3(6.9) Axes
 * Level 8.5(9.0) Maces & Flails
 + Level 6.5 Armour
 + Level 0.7 Dodging
 + Level 0.9 Stealth
 + Level 6.8 Shields


You had 8 spell levels left.
You didn't know any spells.
Your spell library contained the following spells:

 Spells                   Type           Power      Damage    Failure   Level
 Foxfire                  Conj/Fire      0%         2x1d4     99%         1
 Slow                     Hex            0%         N/A       99%         1
 Confusing Touch          Hex            0%         N/A       100%        3
 Conjure Flame            Conj/Fire      0%         6-21      100%        3
 Inner Flame              Hex/Fire       0%         N/A       100%        3
 Vampiric Draining        Necr           0%         2d6       100%        3
 Flame Wave               Conj/Fire      0%         2d4       100%        4


Dungeon Overview and Level Annotations

Branches:
Dungeon (7/15)             Temple (1/1) D:6

Altars:
Ashenzari
Cheibriados
Elyvilon
Kikubaaqudgha
Nemelex Xobeh
Okawaru
Ru
Sif Muna
Trog
Uskayaw
Vehumet
Wu Jian
Yredelemnul
Zin
The Shining One

Shops:
D:6 (


Innate Abilities, Weirdness & Mutations

You cannot be hasted, slowed, berserked, paralysed or teleported.
You can dig through walls and to a lower floor.
You have a pair of large antennae on your head. (SInv)
Your four strong arms can wield two-handed weapons with a shield.


Message History

You kill the yak!
The orc priest calls down the wrath of Beogh upon you.
Beogh smites you!
The yak gores you but does no damage. x2; The yak gores you!
You are too injured to fight recklessly!
You are too injured to fight recklessly!
There are monsters nearby!
There are monsters nearby!
The yak attacks as you move away! The yak gores you!
The yak attacks as you move away! The yak gores you!
* * * LOW HITPOINT WARNING * * *
The yak gores you but does no damage.
Unknown command.
You feel better. The yak gores you. The yak gores you!
* * * LOW HITPOINT WARNING * * *
The yak attacks as you move away! The yak barely misses you.
Okay, then.
As you read the scroll of identify, it crumbles to dust.
c - a scroll of amnesia The yak gores you.
* * * LOW HITPOINT WARNING * * *
Okay, then.
The air fills with toxic fumes!
As you read the scroll of poison, it crumbles to dust.
The yak gores you but does no damage.
Okay, then.
You extend your mandibles.
You dig through the rock wall.
You feel drained. The yak gores you but does no damage.
You retract your mandibles.
The yak attacks as you move away! The yak gores you.
* * * LOW HITPOINT WARNING * * *
The yak attacks as you move away! The yak completely misses you.
The yak attacks as you move away! The yak gores you but does no damage.
Okay, then.
Okay, then.
Okay, then.
Okay, then.
Are you sure you want to shaft yourself?
The yak gores you!
You die...

......# #...####
##...# ####### #....
... ##..# #....#
#.####o.# #.....
#..{{{..#
#..#.#.###{#{{.....#
#...Y##o......# #
####.##.......#
#.####Y##.......#
#..@Y..##.........
#########..........
#..........


You could see 2 yaks.

Vanquished Creatures
  Grinder (D:3)
  A yak (D:7)
  Sigmund (D:3)
  A water moccasin (D:4)
  An ice beast (D:6)
  2 sky beasts (D:7)
  A centaur (D:7)
  An ogre (D:5)
  2 phantoms (D:6)
  A kobold brigand (D:6)
  2 scorpions
  A necrophage (D:6)
  A gnoll sergeant (D:6)
  4 wights (D:7)
  5 hounds
  A gnoll bouda (D:5)
  4 iguanas
  2 orc wizards
  8 gnolls
  6 adders
  A shadow imp (D:6)
  An ufetubus (D:6)
  4 worms
  4 dart slugs
  24 orcs
  4 ball pythons
  11 endoplasms
  2 giant cockroaches
  4 goblins
  3 hobgoblins
  12 kobolds
  2 quokkas
  4 bats
  4 frilled lizards
  3 rats
129 creatures vanquished.

Vanquished Creatures (others)
  2 plants (Temple)
2 creatures vanquished.

Grand Total: 131 creatures vanquished

Notes
Turn   | Place    | Note
-------+----------+-------------------------------------------
     0 | D:1      | SensoryNuts the Formicid Fighter began the quest for the
                  | Orb.
     0 | D:1      | Reached XP level 1. HP: 18/18 MP: 1/1
   247 | D:1      | Reached XP level 2. HP: 24/24 MP: 2/2
   679 | D:1      | Reached XP level 3. HP: 16/29 MP: 3/3
  1399 | D:2      | Reached XP level 4. HP: 21/35 MP: 4/4
  1578 | D:2      | Found a faded altar of an unknown god.
  1667 | D:2      | Reached skill level 3 in Maces & Flails
  2130 | D:3      | Reached XP level 5. HP: 39/41 MP: 5/5
  2275 | D:3      | Noticed Sigmund
  2297 | D:3      | Killed Sigmund
  2298 | D:3      | Reached skill level 4 in Maces & Flails
  2298 | D:3      | Reached XP level 6. HP: 30/48 MP: 6/6
  2532 | D:3      | Reached skill level 5 in Maces & Flails
  2799 | D:3      | Noticed Grinder
  2826 | D:3      | Killed Grinder
  2827 | D:3      | Reached skill level 5 in Shields
  2827 | D:3      | Reached XP level 7. HP: 39/54 MP: 7/7
  3294 | D:4      | Reached skill level 6 in Maces & Flails
  3594 | D:4      | Found an iron altar of Okawaru.
  3612 | D:4      | Found a shimmering blue altar of Sif Muna.
  3627 | D:4      | Found a hide-covered altar of Uskayaw.
  3941 | D:4      | Found a white marble altar of Elyvilon.
  4430 | D:5      | Entered Level 5 of the Dungeon
  4430 | D:5      | Noticed a water moccasin
  4431 | D:5      | Found a basalt altar of Yredelemnul.
  4440 | D:4      | Killed a water moccasin
  4441 | D:4      | Reached XP level 8. HP: 37/60 MP: 8/8
  4594 | D:5      | Reached skill level 5 in Armour
  4701 | D:5      | Reached skill level 7 in Maces & Flails
  4884 | D:5      | Found a sacrificial altar of Ru.
  5466 | D:6      | Found Saxi's Weapon Boutique.
  5481 | D:6      | Bought a +0 broad axe for 40 gold pieces
  5732 | D:6      | Found a staircase to the Ecumenical Temple.
  5780 | Temple   | Entered the Ecumenical Temple
  5993 | D:6      | Reached skill level 1 in Axes
  6247 | D:6      | Reached XP level 9. HP: 65/67 MP: 9/9
  6402 | D:6      | Identified the +1 leather armour of the Breadfruit {MP+9
                  | Dex+4}
  6614 | D:6      | Reached skill level 5 in Fighting
  6771 | D:7      | Found a sparkling altar of Nemelex Xobeh.
  6859 | D:7      | Reached skill level 8 in Maces & Flails
  7213 | D:7      | Slain by a yak

Illustrated notes

Levels and vault maps discovered:
D:1:      heliophobic_arrival_enchanted_forest, layout_basic
D:2:      layout_basic, shapermc_ecumenical_altar_hornbeckon, nrook_mini_vaults
D:3:      layout_basic, minmay_pentomino_pile, uniq_grinder, uniq_sigmund
D:4:      layout_basic, marbit_many_paths, old_standard_altar,
          mainiacjoe_overflow_tiny_flanked, okawaru_gym_becter,
          lightli_ossuary_entry_decrepit_ruins, kennysheep_cluttered_room,
          hangedman_decor_diamond_cutter
D:5:      layout_gridville, mainiacjoe_overflow_large_starburst
D:6:      layout_basic, minmay_temple_entry_drinking_statues, serial_shops,
          nicolae_shop_bloodbath_and_beyond, minmay_unpleasant_kobolds
D:7:      layout_basic, nemelex_diamond_rough_becter, uniq_duvessa
Temple:   nicolae_temple_godpark

Skill      XL: |  1  2  3  4  5  6  7  8  9 |
---------------+----------------------------+-----
Armour         | 4 5 6 |  6.5
Maces & Flails | 3 4 5 6 7 8 |  8.5
Fighting       | 4 5 |  5.2
Shields        | 5 6 |  6.8
Axes           | 3 4 |  4.3
Dodging        | |  0.7
Stealth        | |  0.9

Action                   |  1- 3 |  4- 6 |  7- 9 || total
-------------------------+-------+-------+-------++-------
Melee: Flail             |    84 |    95 |   115 ||   294
       Broad axe         |       |       |    85 ||    85
       Giant spiked club |       |       |    52 ||    52
 Abil: Dig               |       |       |     1 ||     1
       Shaft Self        |       |       |     1 ||     1
  Use: Scroll            |       |     9 |    10 ||    19
       Potion            |       |     1 |     7 ||     8
Armor: Scale mail        |    45 |    13 |       ||    58
       Plate armour      |       |    17 |   158 ||   175
Dodge: Dodged            |    28 |    21 |    85 ||   134
Block: Buckler           |     8 |       |       ||     8
       Kite shield       |    17 |    37 |   110 ||   164
